 Dungeon Crawl Stone Soup version 0.27.1-33-g824d729ab1 (webtiles) character file.

Game seed: 3869591379290854659

367364 Syndras1 the Slayer (level 21, -7/183 HPs)
             Began as a Minotaur Fighter on Dec 9, 2021.
             Was the Champion of Hepliaklqana.
             Killed from afar by a war gargoyle (66 damage)
             ... with a spray of metal splinters
             ... on level 5 of the Vaults.
             The game lasted 02:17:47 (41874 turns).

Syndras1 the Slayer (Minotaur Fighter)             Turns: 41874, Time: 02:17:47

Health: -7/183     AC: 20    Str: 31    XL:     21   Next: 62%
Magic:  20/20      EV: 27    Int:  9    God:    Hepliaklqana [******]
Gold:   4788       SH: 18    Dex: 24    Spells: 20/20 levels left

rFire    + . .     SeeInvis .   H - +6 eveningstar (vorpal)
rCold    + . .     Faith    .   f - +0 kite shield "Ecof" {rElec Regen+ Str+7 Stlth-}
rNeg     . . .     Spirit   .   M - +6 ring mail of Guwk {Will+ Regen+ Str-5 Dex+8}
rPois    .         Reflect  .   (helmet restricted)
rElec    +         Harm     .   l - scarf {rC+ rF+}
rCorr    .         Rampage  .   O - +0 pair of gloves
Will     ++++.                  K - +1 pair of boots
Stlth    ..........             N - amulet "Meotugia" {rElec Will++ Regen+ Int+4}
HPRegen  3.40/turn              g - +6 ring of dexterity
MPRegen  0.17/turn              A - +4 ring of protection

@: about to teleport, corroded
A: reduced essence, horns 2, retaliatory headbutt, fangs 1, hooves 1, clumsy 1,
screaming 1
}: 2/15 runes: barnacled, gossamer
a: Renounce Religion, Recall Ancestor, Ancestor Identity, Transference, Idealise


You were on level 5 of the Vaults.
You worshipped Hepliaklqana.
Hepliaklqana was exalted by your worship.
You visited 8 branches of the dungeon, and saw 38 of its levels.
You visited 1 bazaar.
You also visited: Sewer and Ice Cave.

You collected 6350 gold pieces.
You spent 1562 gold pieces at shops.

Inventory:

Hand Weapons
 b - the +9 trident of Perversion {vorpal, SInv}
   (You found it on level 2 of the Shoals)

   It inflicts extra damage upon your enemies.
   SInv:      It lets you see invisible.
 u - the +8 flail of Ucubrys {holy, Will+}
   (You found it on level 1 of the Shoals)

   It has been blessed by the Shining One to cause great damage to the undead
   and demons.
   Will:      It increases your willpower.
 H - a +6 vorpal eveningstar (weapon)
 I - the +9 mace of the Baking Rattlesnake {vorpal, Fly rC+ Int-4}
   (You found it on level 4 of the Lair of Beasts)

   It inflicts extra damage upon your enemies.
   Int:       It affects your intelligence (-4).
   rC:        It protects you from cold.
   Fly:       It grants you flight.
Missiles
 v - 17 throwing nets
Armour
 f - the +0 kite shield "Ecof" (worn) {rElec Regen+ Str+7 Stlth-}
   (You bought it in a shop on level 2 of the Orcish Mines)

   Str:       It affects your strength (+7).
   rElec:     It insulates you from electricity.
   Regen:     It increases your rate of health regeneration.
   Stlth:     It makes you less stealthy.
 l - a scarf of resistance (worn)
 K - a +1 pair of boots (worn)
 M - the +6 ring mail of Guwk (worn) {Will+ Regen+ Str-5 Dex+8}
   (You found it on level 9 of the Dungeon)

   Str:       It affects your strength (-5).
   Dex:       It affects your dexterity (+8).
   Regen:     It increases your rate of health regeneration.
   Will:      It increases your willpower.
 O - a +0 pair of gloves (worn)
 Y - a +2 cloak
Jewellery
 e - the ring of Peegemuh {Fly rC+ rN+ Will-}
   (You found it in an ice cave)

   [ring of flight]

   rC:        It protects you from cold.
   rN:        It protects you from negative energy.
   Fly:       It grants you flight.
   Will:      It decreases your willpower.
 g - a +6 ring of dexterity (left hand)
 n - a +6 ring of dexterity
 A - a +4 ring of protection (right hand)
 N - the amulet "Meotugia" (around neck) {rElec Will++ Regen+ Int+4}
   (You found it on level 4 of the Shoals)

   [amulet of regeneration]

   Int:       It affects your intelligence (+4).
   rElec:     It insulates you from electricity.
   Regen:     It increases your rate of health regeneration.
   Will:      It greatly increases your willpower.
 Q - the amulet of the Four Winds {rN+ Will+++ Clar}
   (You took it off a deep elf death mage on level 3 of the Elven Halls)

   [amulet of nothing]

   rN:        It protects you from negative energy.
   Clar:      It protects you against confusion.
   Will:      It greatly increases your willpower.
 S - a +4 ring of protection
Wands
 i - a wand of digging (16)
 m - a wand of iceblast (27)
 o - a wand of mindburst (3) (quivered)
 r - a wand of acid (46)
 t - a wand of polymorph (22)
 L - a wand of paralysis (19)
 R - a wand of charming (22)
Scrolls
 a - 3 scrolls of teleportation
 c - a scroll of brand weapon
 k - 4 scrolls of summoning
 p - 5 scrolls of magic mapping
 q - 5 scrolls of silence
 s - a scroll of blinking
 y - 10 scrolls of identify
 P - 3 scrolls of enchant armour
 T - 4 scrolls of immolation
 W - 2 scrolls of holy word
 X - 5 scrolls of fear
Potions
 d - 8 potions of might
 h - 2 potions of invisibility
 j - 4 potions of cancellation
 w - 4 potions of lignification
 z - 6 potions of flight
 C - 18 potions of curing
 D - 7 potions of haste
 E - a potion of resistance
 F - 8 potions of brilliance
 G - 5 potions of attraction
 Z - 4 potions of heal wounds
Miscellaneous
 x - a tin of tremorstones (2/2)
 B - a condenser vane
 J - a phantom mirror
 U - a tin of tremorstones (2/2)
 V - a tin of tremorstones (2/2)


   Skills:
 + Level 21.0 Fighting
 - Level 2.9 Long Blades
 + Level 20.6 Maces & Flails
 + Level 20.9 Armour
 + Level 18.4 Dodging
 + Level 20.9 Shields


You had 20 spell levels left.
You didn't know any spells.
Your spell library contained the following spells:

 Spells                   Type           Power      Damage    Failure   Level
 Corona                   Hex            0%         N/A       43%         1
 Magic Dart               Conj           0%         1d3       43%         1
 Sandblast                Erth           0%         2d4       43%         1
 Sting                    Tmut/Pois      0%         1d3       43%         1
 Summon Small Mammal      Summ           0%         N/A       43%         1
 Blink                    Tloc           N/A        N/A       58%         2
 Ensorcelled Hibernation  Hex/Ice        0%         N/A       58%         2
 Passwall                 Tmut/Erth      0%         N/A       58%         2
 Poisonous Vapours        Pois/Air       0%         N/A       58%         2
 Searing Ray              Conj           0%         3d3       58%         2
 Slow                     Hex            0%         N/A       58%         2
 Static Discharge         Conj/Air       0%         N/A       58%         2
 Confusing Touch          Hex            0%         N/A       82%         3
 Conjure Flame            Conj/Fire      0%         6-21      82%         3
 Dazzling Flash           Conj/Hex       0%         N/A       82%         3
 Gell's Gravitas          Tloc           0%         N/A       82%         3
 Ignite Poison            Fire/Tmut/Pois 0%         N/A       82%         3
 Inner Flame              Hex/Fire       0%         N/A       82%         3
 Lesser Beckoning         Tloc           0%         N/A       82%         3
 Mephitic Cloud           Conj/Pois/Air  0%         N/A       82%         3
 Ozocubu's Armour         Ice            0%         N/A       82%         3
 Spider Form              Tmut/Pois      0%         N/A       82%         3
 Stone Arrow              Conj/Erth      0%         3d7       82%         3
 Summon Guardian Golem    Hex/Summ       0%         N/A       82%         3
 Swiftness                Air            0%         N/A       82%         3
 Teleport Other           Tloc           0%         N/A       82%         3
 Tukima's Dance           Hex            0%         N/A       82%         3
 Vampiric Draining        Necr           0%         2d6       82%         3
 Animate Armour           Summ/Erth      0%         N/A       99%         4
 Animate Dead             Necr           0%         N/A       99%         4
 Cause Fear               Hex            0%         N/A       99%         4
 Fulminant Prism          Conj/Hex       0%         3d6       99%         4
 Iskenderun's Mystic Bla  Conj/Tloc      0%         2d3       99%         4
 Leda's Liquefaction      Hex/Erth       0%         N/A       99%         4
 Olgreb's Toxic Radiance  Pois           0%         N/A       99%         4
 Passage of Golubria      Tloc           N/A        N/A       99%         4
 Sticky Flame             Conj/Fire      0%         2d3       99%         4
 Summon Ice Beast         Ice/Summ       0%         N/A       99%         4
 Agony                    Necr           0%         N/A       100%        5
 Bolt of Magma            Conj/Fire/Erth 0%         4d4       100%        5
 Fireball                 Conj/Fire      0%         3d3       100%        5
 Lee's Rapid Deconstruct  Erth           0%         3d5*      100%        5
 Lightning Bolt           Conj/Air       0%         1d11      100%        5
 Manifold Assault         Tloc           0%         N/A       100%        5
 Metabolic Englaciation   Hex/Ice        0%         N/A       100%        5
 Silence                  Hex/Air        0%         N/A       100%        5
 Summon Mana Viper        Hex/Summ       0%         N/A       100%        5
 Yara's Violent Unravell  Hex/Tmut       0%         3d3       100%        5
 Invisibility             Hex            0%         N/A       100%        6
 Shadow Creatures         Summ           N/A        N/A       100%        6
 Simulacrum               Ice/Necr       0%         N/A       100%        6
 Starburst                Conj/Fire      0%         6d3       100%        6
 Statue Form              Tmut/Erth      0%         N/A       100%        6
 Haunt                    Necr/Summ      0%         N/A       100%        7
 Orb of Destruction       Conj           0%         N/A       100%        7
 Spellforged Servitor     Conj/Summ      0%         N/A       100%        7
 Storm Form               Tmut/Air       0%         N/A       100%        7
 Discord                  Hex            0%         N/A       100%        8
 Ignition                 Fire           0%         3d3       100%        8
 Infestation              Necr           0%         N/A       100%        8
 Lehudib's Crystal Spear  Conj/Erth      0%         10d2      100%        8
 Maxwell's Capacitive Co  Air            0%         ∞         100%        8


Dungeon Overview and Level Annotations

Branches:
Dungeon (13/15)            Temple (1/1) D:5            Lair (6/6) D:9
 Shoals (4/4) Lair:2       Spider (4/4) Lair:3        Slime (0/5) Lair:5
    Orc (2/2) D:9             Elf (3/3) Orc:2        Vaults (5/5) D:13
  Crypt (0/3) Vaults:3      Sewer (visited)           IceCv (visited)

Altars:
Ashenzari
Cheibriados
Dithmenos
Elyvilon
Fedhas
Gozag
Hepliaklqana
Kikubaaqudgha
Makhleb
Nemelex Xobeh
Okawaru
Qazlal
Ru
Sif Muna
Trog
Uskayaw
Vehumet
Wu Jian
Xom
Yredelemnul
Zin
The Shining One
Beogh
Jiyva
Lugonu

Shops:
D:1 (   D:2 =   D:3 !   D:8 (   D:10 (   Orc:2 [[!=   Elf:1 (   Shoals:1 *

Portals:
Abyss: D:3
Trove: Elf:1 (lose all piety)


Innate Abilities, Weirdness & Mutations

Your life essence is reduced to manifest your ancestor. (-10% HP)
You have a pair of horns on your head.
You reflexively headbutt those who attack you in melee.
You have very sharp teeth.
You have large cloven feet.
You are clumsy. (Dex -2)
You occasionally shout uncontrollably at your foes.


Message History

You headbutt the vault guard!
The vault guard hits you from afar with a +2 glaive of protection!!
The vault guard hits you with a +0 battleaxe!
The vault guard completely misses you.
A vault warden comes into view. It is wielding a +3 long sword of pain.
You hit the tentacled monstrosity.
The tentacled monstrosity is lightly wounded.
Your surroundings suddenly seem different.
Something loses its grip on you.
A manticore, a deep elf sorcerer, a vault guard and a tengu reaver come into view.
You yell at the vault guard!
You hear a shout! x5; You hear two shouts!
You hear a shout!
A war gargoyle comes into view.
It is wielding a +0 dire flail of protection.
The tengu reaver points at you and mumbles some strange words.
The bolt of acid misses you.
The vault warden moves out of view.
As you read the scroll of teleportation, it crumbles to dust.
You feel strangely unstable.
An ironbound preserver comes into view. It is wielding a +0 great mace.
You yell at the ironbound preserver!
The yaktaur wields a +0 arbalest.
The yaktaur shoots a bolt.
The bolt completely misses you.
The vault sentinel blows a loud note on a signal horn!
The yaktaur wields a +0 arbalest.
The yaktaur shoots a bolt.
You block the bolt.
You hear a shout! x3; You hear two shouts!
You hear a shout! x4
You hammer the deep elf sorcerer like a gong!!!
You bite the deep elf sorcerer.
The deep elf sorcerer is severely wounded.
The war gargoyle launches metal splinters at you.
The spray of metal splinters misses you.
A vault sentinel comes into view. It is wielding a +0 falchion.
The yaktaur shoots a bolt.
The bolt completely misses you.
The stone giant throws a large rock.
You block the large rock.
The deep elf sorcerer gestures at you while chanting.
The bolt of acid hits you! The acid corrodes you!
You are splashed with acid!
You hit the deep elf sorcerer but do no damage.
You bite the deep elf sorcerer, but do no damage.
The deep elf sorcerer is severely wounded.
The war gargoyle launches metal splinters at you.
The spray of metal splinters hits you!!!
You die...

#...#....#...
... ...cc#....#
..
..p#.#.p.#....#
.
..H......#....#
p..p.#C..# .
.......# ...
.....#
.....#...#
#..e@.#
#...#...# ...
Q....# .
...#...#
.....9...#
.........# ...
.#...#
.........#


You could see an ironbound preserver, a stone giant, a tengu reaver, a vault
guard, a deep elf sorcerer, a war gargoyle (catching breath), 2 vault sentinels,
a manticore and 2 yaktaurs.

Vanquished Creatures
  Mara (Spider:4)
  A golden dragon (IceCv)
  Nikola (Spider:4)
  Arachne (Spider:1)
  A deep elf blademaster (Elf:3)
  A titan (Vaults:3)
  2 deep elf master archers (Elf:3)
  2 krakens
  2 tengu reavers (Vaults:1)
  Donald (Elf:2)
  A shadow dragon (Vaults:1)
  3 ghost moths
  2 deep elf sorcerers
  Aizul (Spider:4)
  4 deep elf elementalists
  7 vault wardens
  7 ironbound preservers
  3 stone giants
  An emperor scorpion (Spider:4)
  A vampire knight (Vaults:3)
  4 very ugly things
  Azrael (D:12)
  7 deep elf demonologists
  4 dire elephants
  5 deep elf annihilators
  2 entropy weavers
  3 spark wasps (Spider:4)
  2 ettins (Vaults:1)
  An eidolon (Vaults:3)
  9 merfolk javelineers
  4 deep elf death magi (Elf:3)
  4 deep elf high priests
  3 merfolk impalers
  Josephine (Lair:6)
  A rakshasa (D:11)
  7 yaktaur captains
  A great orb of eyes (Vaults:1)
  8 vault guards
  4 ironbound thunderhulks
  11 hydras
  2 boulder beetles (D:13)
  2 merfolk aquamancers
  An alligator snapping turtle (Shoals:4)
  7 ironbound frosthearts
  4 ice dragons (IceCv)
  4 centaur warriors
  The ghost of Lekhlaixt the Covert, a journeyman SpEn of Sif Muna (Lair:2)
  3 merfolk avatars
  4 ogre magi (Orc:2)
  20 dancing weapons
  12 two-headed ogres
  A tengu warrior (D:9)
  4 satyrs
  2 death yaks (Lair:6)
  A spectral dire elephant (Lair:6)
  An orc high priest (Orc:1)
  5 ironbound beastmasters
  Sonja (Orc:1)
  6 deep elf knights (Elf:2)
  4 hell knights
  A spectral death yak (Lair:6)
  A spectral anaconda (Lair:6)
  6 sea snakes
  12 deep trolls
  A swamp dragon (Vaults:1)
  2 deep elf archers
  2 wizards
  6 lindwurms
  15 ironbound convokers
  An obsidian statue (Lair:6)
  14 orb spiders
  An orc knight (D:11)
  4 necromancers
  17 deep elf pyromancers
  13 deep elf zephyrmancers
  12 harpies
  13 fauns
  23 wolf spiders
  10 manticores
  14 ugly things
  7 cyclopes
  An orc sorcerer (Orc:1)
  2 moths of wrath (Spider:4)
  26 elephants
  An elephant (shapeshifter) (Elf:3)
  10 merfolk sirens
  5 vault sentinels
  5 cane toads
  3 black mambas
  8 water nymphs
  5 storm dragon simulacra (IceCv)
  A dire elephant skeleton (Lair:6)
  An unseen horror (D:13)
  12 yaktaurs
  3 freezing wraiths (D:13)
  2 rime drakes (Lair:3)
  4 komodo dragons
  A rime drake (shapeshifter) (Elf:1)
  4 golden dragon simulacra (IceCv)
  11 demonic crawlers
  5 trolls
  34 merfolk
  32 jumping spiders
  4 hornets
  A polar bear (Lair:6)
  3 wind drakes
  21 blink frogs
  6 snapping turtles
  A blink frog (shapeshifter) (D:11)
  3 spectral elephants (Lair:6)
  3 dream sheep
  13 slime creatures
  A meliai zombie (D:11)
  3 air elementals
  Sigmund (D:4)
  2 shadows (D:12)
  A redback (shapeshifter) (Elf:3)
  51 redbacks
  8 water elementals
  21 tarantellas
  2 vampires
  9 wraiths
  25 yaks
  A basilisk (Lair:1)
  4 fire elementals
  3 steam dragons
  7 wyverns
  Edmund (D:4)
  Menkaure (D:7)
  3 wargs
  A spectral cane toad (Lair:6)
  An acid dragon (D:13)
  11 water moccasins
  2 hell hounds (D:12)
  6 orc warriors
  An ice beast (D:7)
  2 black bears (Lair:2)
  4 ice dragon simulacra (IceCv)
  A sky beast (D:5)
  A necrophage (D:4)
  2 elephant zombies (Lair:6)
  25 ogres
  6 centaurs
  6 wolves
  A phantom (D:4)
  8 bullfrogs
  Blork the orc (D:6)
  4 kobold brigands
  A scorpion (Lair:3)
  A glowing shapeshifter simulacrum (Vaults:1)
  2 gnoll sergeants
  A water moccasin skeleton (D:6)
  An elephant simulacrum (Lair:6)
  4 lindwurm simulacra (IceCv)
  4 killer bees (D:7)
  4 howler monkeys
  6 wights
  8 centaur zombies
  2 hounds
  A jelly (D:5)
  10 orc priests
  A centaur skeleton (D:7)
  4 iguanas
  3 gnoll shamans
  Natasha (thrice) (D:3)
  14 orc wizards
  A killer bee zombie (D:6)
  2 hound skeletons (D:5)
  Robin (D:3)
  2 adders (D:6)
  19 gnolls
  3 river rats
  An adder skeleton (D:4)
  3 worms (Lair:3)
  3 dart slugs
  36 orcs
  4 bats
  2 endoplasms
  6 giant cockroaches
  10 goblins
  12 hobgoblins
  13 jackals
  6 quokkas
  9 ball pythons
  6 frilled lizards
  32 kobolds
  9 rats
  3 tentacles
1096 creatures vanquished.

Vanquished Creatures (collateral kills)
  Margery (Vaults:2)
  Jorgrun (Shoals:1)
  A titan (Vaults:3)
  A deep elf blademaster (Elf:3)
  An ancient champion (Vaults:3)
  A tengu reaver (Vaults:2)
  A fenstrider witch (Shoals:2)
  A fire giant (Vaults:1)
  A deep elf sorcerer (Elf:2)
  2 emperor scorpions (Spider:4)
  2 ghost moths (Spider:4)
  An orc warlord (Vaults:3)
  A vault warden (Vaults:3)
  3 ironbound preservers
  2 very ugly things
  A deep elf demonologist (Elf:3)
  2 deep elf annihilators (Elf:3)
  2 spark wasps
  2 dire elephants
  2 entropy weavers
  3 merfolk impalers
  A merfolk javelineer (Shoals:4)
  A deep elf death mage (Elf:3)
  3 yaktaur captains
  An ironbound thunderhulk (Vaults:1)
  2 vault guards (Vaults:1)
  An ice dragon (IceCv)
  An ironbound frostheart (Vaults:2)
  A great orb of eyes (Vaults:4)
  2 hydras
  A centaur warrior (Vaults:1)
  2 merfolk aquamancers (Shoals:4)
  An ogre mage (Orc:2)
  A boulder beetle (Lair:2)
  7 dancing weapons
  5 two-headed ogres
  A death knight (D:13)
  A deep elf knight (Elf:1)
  2 ironbound beastmasters
  4 skeletal warriors (D:13)
  8 deep trolls
  3 sea snakes
  3 bog bodies (Shoals:3)
  3 lindwurms
  A wizard (Vaults:3)
  3 ironbound convokers (Vaults:4)
  5 deep elf pyromancers
  A necromancer (Lair:6)
  4 deep elf archers
  9 harpies
  A glowing orange brain (shapeshifter) (Vaults:1)
  An orange crystal statue (IceCv)
  A phantasmal warrior (Vaults:1)
  4 orb spiders
  4 deep elf zephyrmancers
  2 cyclopes
  2 ugly things
  6 elephants
  A centaur zombie (D:12)
  7 fauns
  5 wolf spiders
  A manticore (D:13)
  An elephant (shapeshifter) (Vaults:1)
  3 merfolk sirens
  Maurice (Orc:1)
  A dire elephant zombie (Lair:6)
  2 vault sentinels
  A water nymph (Shoals:1)
  A cane toad (Lair:2)
  An unseen horror (D:11)
  3 demonic crawlers
  2 komodo dragons
  9 yaktaurs
  2 golden dragon simulacra (IceCv)
  8 merfolk
  A troll (shapeshifter) (Vaults:1)
  2 trolls
  14 jumping spiders
  A hornet (Spider:2)
  12 slime creatures
  3 blink frogs
  3 snapping turtles (Shoals:4)
  3 wind drakes
  A spectral elephant (Lair:6)
  20 redbacks
  A shadow (D:12)
  6 yaks
  A wraith (Vaults:3)
  A water elemental (Shoals:4)
  8 tarantellas
  A vampire (D:11)
  A basilisk (D:11)
  A warg (Orc:2)
  An acid dragon (D:11)
  2 water moccasins (Lair:2)
  A hell hound (D:12)
  An orc warrior (Orc:1)
  2 ice dragon simulacra (IceCv)
  2 wolves
  3 ogres (Orc:2)
  2 centaurs
  An elephant skeleton (Lair:6)
  2 kobold brigands (D:11)
  3 bullfrogs
  An earth elemental (Elf:1)
  A wight (D:8)
  An elephant simulacrum (Lair:6)
  3 howler monkeys (D:10)
  An electric eel (Lair:5)
  2 orc priests (Orc:1)
  3 orc wizards
  2 howler monkey zombies (D:9)
  8 orcs
  A giant cockroach (Lair:3)
  4 goblins (Orc:1)
  4 kobolds
  A plant (Shoals:2)
  2 tentacles
314 creatures vanquished.

Vanquished Creatures (others)
  A merfolk aquamancer (Shoals:4)
  A deep elf zephyrmancer (Elf:3)
  A faun (Shoals:3)
  An orc wizard (D:6)
  An ancestor (D:9)
  36 battlemagi
  9 fungi
  87 plants
  17 tentacles
  13 withered plants (Lair:6)
167 creatures vanquished.

Grand Total: 1577 creatures vanquished

Notes
Turn   | Place    | Note
-------+----------+-------------------------------------------
     0 | D:1      | Syndras1 the Minotaur Fighter began the quest for the Orb.
     0 | D:1      | Reached XP level 1. HP: 19/19 MP: 0/0
   266 | D:1      | Reached XP level 2. HP: 27/27 MP: 1/1
   406 | D:1      | Found Kauhad's Weapon Emporium.
   621 | D:1      | Reached skill level 4 in Fighting
   637 | D:1      | Reached XP level 3. HP: 33/33 MP: 2/2
   857 | D:2      | Found Liawkoub's Jewellery Emporium.
   993 | D:2      | Reached skill level 1 in Maces & Flails
  1181 | D:2      | Found a faded altar of an unknown god.
  1190 | D:2      | Reached XP level 4. HP: 40/40 MP: 3/3
  1484 | D:2      | Found a snail-covered altar of Cheibriados.
  2105 | D:3      | Found Zadwasul's Distillery.
  2120 | D:3      | Found a large runed translucent door.
  2121 | D:3      | Found a large runed translucent door.
  2123 | D:3      | Found a corrupted altar of Lugonu.
  2157 | D:3      | Found a one-way gate to the infinite horrors of the Abyss.
  2183 | D:3      | Noticed Robin
  2203 | D:3      | Killed Robin
  2259 | D:3      | Noticed Natasha
  2262 | D:3      | Reached XP level 5. HP: 13/47 MP: 4/4
  2557 | D:3      | Killed Natasha
  2796 | D:3      | Noticed Natasha
  2818 | D:3      | Killed Natasha
  2819 | D:3      | Reached skill level 5 in Shields
  2909 | D:3      | Noticed Natasha
  2913 | D:3      | Killed Natasha
  2914 | D:3      | Reached skill level 5 in Fighting
  2914 | D:3      | Reached skill level 5 in Armour
  3047 | D:4      | Reached XP level 6. HP: 54/56 MP: 5/5
  3108 | D:4      | Noticed Edmund
  3137 | D:4      | Killed Edmund
  3433 | D:4      | Identified the +0 leather armour of the Bulwark {Stlth+}
  3615 | D:4      | Reached XP level 7. HP: 54/62 MP: 6/6
  3768 | D:4      | Noticed Sigmund
  3815 | D:4      | Killed Sigmund
  3816 | D:4      | Reached skill level 6 in Fighting
  4262 | D:5      | Entered Level 5 of the Dungeon
  4309 | D:5      | Found a staircase to the Ecumenical Temple.
  4323 | Temple   | Entered the Ecumenical Temple
  4683 | D:5      | Reached skill level 5 in Maces & Flails
  4683 | D:5      | Reached XP level 8. HP: 71/71 MP: 7/7
  5347 | D:6      | Reached skill level 7 in Fighting
  5384 | D:6      | Noticed Blork the orc
  5392 | D:6      | Killed Blork the orc
  5774 | D:6      | Found a glowing drain.
  5778 | Sewer    | Entered a sewer
  5950 | Sewer    | Found a white marble altar of Elyvilon.
  6356 | D:7      | Reached XP level 9. HP: 47/81 MP: 8/8
  6528 | D:6      | HP: 3/81 [something/puff of flame (10)]
  6789 | D:7      | Reached skill level 8 in Fighting
  7009 | D:1      | Bought a +4 eveningstar of venom for 400 gold pieces
  7390 | D:7      | Found a faded altar of an unknown god.
  7390 | D:7      | Found a hazy altar of Hepliaklqana.
  7390 | D:7      | Found a faded altar of an unknown god.
  7392 | D:7      | Found a faded altar of an unknown god.
  7407 | D:7      | Became a worshipper of Hepliaklqana the Forgotten
  7583 | D:7      | Noticed Menkaure
  7587 | D:7      | Killed Menkaure
  8118 | D:7      | Identified the +1 leather armour "Keunurch" {Int+4 Stlth+}
  8508 | D:8      | Found a white marble altar of Elyvilon.
  8570 | D:8      | Found a radiant altar of Vehumet.
  8573 | D:8      | Found a stormy altar of Qazlal.
  8573 | D:8      | Found a glowing silver altar of Zin.
  8578 | D:8      | Found a burning altar of Makhleb.
  8607 | D:8      | Found a sparkling altar of Nemelex Xobeh.
  8671 | D:8      | Reached * piety under Hepliaklqana
  8751 | D:8      | Found Hipronky's Firing Range.
  8886 | D:8      | Reached skill level 9 in Fighting
  9109 | D:8      | Found a shadowy altar of Dithmenos.
  9224 | D:9      | Identified the +6 ring mail of Guwk {Will+ Regen+ Str-5
                  | Dex+8}
  9263 | D:9      | Found a staircase to the Orcish Mines.
  9473 | D:9      | Reached XP level 10. HP: 70/81 MP: 9/9
  9549 | D:9      | Identified the +7 dagger "Sipaosk" {vorpal, rPois rC-
                  | Will+++ Int+2}
  9680 | D:9      | Found a staircase to the Lair.
  9763 | D:9      | Noticed a cyclops
  9771 | D:9      | Killed a cyclops
  9976 | D:9      | Found the +0 staff of Battle
 10042 | D:9      | Noticed a tengu warrior
 10057 | D:9      | Killed a tengu warrior
 10058 | D:9      | Reached skill level 10 in Fighting
 10058 | D:9      | Reached skill level 10 in Armour
 10058 | D:9      | Reached skill level 10 in Shields
 10155 | Orc:1    | Entered Level 1 of the Orcish Mines
 10155 | Orc:1    | Reached ** piety under Hepliaklqana
 10156 | Orc:1    | Remembered your ancestor Teicuih as a battlemage
 10304 | Orc:1    | Killed Maurice
 10357 | Orc:1    | Noticed Sonja
 10470 | Orc:1    | Noticed an orc high priest
 10473 | Orc:1    | Noticed a sun demon
 10474 | Orc:1    | Killed an orc high priest
 10569 | Orc:1    | Killed Sonja
 10570 | Orc:1    | Reached skill level 10 in Maces & Flails
 10570 | Orc:1    | Reached XP level 11. HP: 32/90 MP: 5/10
 10821 | Orc:2    | Entered Level 2 of the Orcish Mines
 10828 | Orc:1    | Noticed an orc sorcerer
 10834 | Orc:1    | Paralysed by an orc sorcerer for 5 turns
 10839 | Orc:1    | Killed an orc sorcerer
 11188 | Orc:1    | Reached skill level 11 in Fighting
 11440 | Orc:2    | Noticed an ogre mage
 11446 | Orc:2    | Noticed a two-headed ogre
 11446 | Orc:2    | Noticed a two-headed ogre
 11456 | Orc:2    | Killed a two-headed ogre
 11459 | Orc:2    | Killed a two-headed ogre
 11463 | Orc:2    | Killed an ogre mage
 11874 | Orc:2    | Noticed a two-headed ogre
 11874 | Orc:2    | Noticed a two-headed ogre
 11874 | Orc:2    | Noticed an ogre mage
 11880 | Orc:2    | Noticed an ogre mage
 11881 | Orc:2    | Killed an ogre mage
 11882 | Orc:2    | Noticed a two-headed ogre
 11882 | Orc:2    | Noticed an ogre mage
 11883 | Orc:2    | Noticed a two-headed ogre
 11883 | Orc:2    | Noticed a two-headed ogre
 11884 | Orc:2    | Noticed a two-headed ogre
 11884 | Orc:2    | Killed an ogre mage
 11885 | Orc:2    | Found Ybanwyic's Jewellery Shoppe.
 11885 | Orc:2    | Found Camunerch's Armour Shop.
 11885 | Orc:2    | Found Yzanygo Etall's Distillery.
 11885 | Orc:2    | Found Voyrou's Antique Armour Emporium.
 11885 | Orc:2    | Noticed a two-headed ogre
 11885 | Orc:2    | Noticed a two-headed ogre
 11886 | Orc:2    | Noticed a two-headed ogre
 11887 | Orc:2    | Killed a two-headed ogre
 11888 | Orc:2    | Noticed a two-headed ogre
 11922 | Orc:1    | Killed a two-headed ogre
 12141 | Orc:1    | Killed a two-headed ogre
 12142 | Orc:1    | Reached skill level 12 in Fighting
 12143 | Orc:1    | Killed a two-headed ogre
 12144 | Orc:1    | Reached XP level 12. HP: 32/100 MP: 3/11
 12410 | Orc:1    | Killed a two-headed ogre
 12611 | Orc:2    | Found a staircase to the Elven Halls.
 12650 | Orc:2    | Killed an ogre mage
 12745 | Orc:2    | Noticed a two-headed ogre
 12749 | Orc:2    | Killed a two-headed ogre
 12757 | Orc:2    | Killed a two-headed ogre
 12984 | Orc:1    | Killed a two-headed ogre
 12987 | Orc:1    | Killed a two-headed ogre
 13158 | Orc:2    | Noticed an ogre mage
 13159 | Orc:2    | Paralysed by an ogre mage for 2 turns
 13169 | Orc:2    | Killed an ogre mage
 13172 | Orc:2    | Killed a two-headed ogre
 13173 | Orc:2    | Noticed a two-headed ogre
 13182 | Orc:2    | Killed a two-headed ogre
 13183 | Orc:2    | Reached skill level 13 in Fighting
 13513 | Orc:2    | Killed a two-headed ogre
 13709 | Orc:2    | Bought the +0 kite shield "Ecof" {rElec Regen+ Str+7
                  | Stlth-} for 572 gold pieces
 13916 | Elf:1    | Entered Level 1 of the Elven Halls
 13960 | Elf:1    | Found a radiant altar of Vehumet.
 13982 | Elf:1    | Reached XP level 13. HP: 80/109 MP: 7/12
 14166 | Elf:1    | Noticed a deep elf demonologist
 14177 | Elf:1    | Noticed a green death
 14227 | Elf:1    | Killed a deep elf demonologist
 14708 | Lair:1   | Entered Level 1 of the Lair of Beasts
 14758 | Lair:1   | Reached skill level 1 in Dodging
 14900 | Lair:1   | Reached *** piety under Hepliaklqana
 15767 | Lair:2   | Reached skill level 14 in Fighting
 15914 | Lair:2   | Reached **** piety under Hepliaklqana
 16009 | Lair:2   | Found a staircase to the Shoals.
 16107 | Lair:2   | Found a runed translucent gate.
 16107 | Lair:2   | Found a runed translucent gate.
 16107 | Lair:2   | Found a runed translucent gate.
 16107 | Lair:2   | Noticed Lekhlaixt's ghost (journeyman SpEn)
 16139 | Lair:2   | Killed Lekhlaixt's ghost
 16618 | Lair:3   | Reached XP level 14. HP: 119/119 MP: 13/13
 16863 | Lair:3   | Reached skill level 5 in Dodging
 16952 | Lair:3   | Found a hole to the Spider Nest.
 17591 | Lair:4   | Reached ***** piety under Hepliaklqana
 17800 | Lair:4   | Identified the +9 mace of the Baking Rattlesnake {vorpal,
                  | Fly rC+ Int-4}
 18649 | Lair:5   | Found a viscous altar of Jiyva.
 18649 | Lair:5   | Found a staircase to the Slime Pits.
 18869 | Lair:6   | Entered Level 6 of the Lair of Beasts
 18893 | Lair:6   | Reached skill level 15 in Shields
 18904 | Lair:6   | Reached skill level 15 in Armour
 18907 | Lair:6   | Reached skill level 15 in Fighting
 19066 | Lair:6   | Noticed Josephine
 19085 | Lair:6   | Killed Josephine
 19470 | Lair:6   | Reached XP level 15. HP: 120/126 MP: 14/14
 19498 | Lair:6   | Reached skill level 15 in Maces & Flails
 20045 | Spider:1 | Entered Level 1 of the Spider Nest
 20796 | Spider:1 | Reached skill level 16 in Fighting
 21016 | Spider:2 | Noticed Arachne
 21057 | Spider:1 | Killed Arachne
 21891 | Spider:2 | Identified the +4 shortbow "Bimp" {vorpal, rC++ Int-5}
 22026 | Spider:2 | Reached XP level 16. HP: 121/135 MP: 13/15
 22149 | Spider:3 | Identified the ring of Roor {Fire Dex+6}
 23161 | Spider:4 | Entered Level 4 of the Spider Nest
 23219 | Spider:4 | Reached ****** piety under Hepliaklqana
 23489 | Spider:4 | Noticed Nikola
 23730 | Spider:4 | Killed Nikola
 23731 | Spider:4 | Reached skill level 10 in Dodging
 24446 | Spider:4 | Noticed Mara
 24472 | Spider:4 | Noticed Syndras1's illusion
 24472 | Spider:4 | Killed Mara
 24486 | Spider:4 | Reached skill level 17 in Fighting
 24781 | Spider:4 | Noticed Aizul
 24793 | Spider:4 | Killed Aizul
 25076 | Spider:4 | Reached XP level 17. HP: 144/144 MP: 1/16
 25307 | Spider:4 | Got a gossamer rune of Zot
 25863 | Shoals:1 | Entered Level 1 of the Shoals
 25863 | Shoals:1 | Noticed Jorgrun
 25874 | Shoals:1 | Killed Jorgrun
 25990 | Shoals:1 | Found Xeafueh's CLEARANCE SALE! EVERYTHING MUST GO!.
 25997 | Shoals:1 | Bought an amulet of regeneration for 90 gold pieces
 25997 | Shoals:1 | Bought 2 potions of might for 24 gold pieces
 26541 | Shoals:1 | Identified a scroll of acquirement
 26570 | Shoals:1 | Identified the +8 flail of Ucubrys {holy, Will+}
 26573 | Shoals:1 | Acquired a manual of Dodging
 26891 | Shoals:2 | Noticed a kraken
 27402 | Shoals:2 | Identified the +9 trident of Perversion {vorpal, SInv}
 27631 | Shoals:2 | Killed a kraken
 28228 | Shoals:4 | Entered Level 4 of the Shoals
 28269 | Shoals:4 | Reached skill level 18 in Fighting
 28391 | Shoals:4 | Found a frozen archway.
 28424 | Shoals:4 | Reached XP level 18. HP: 139/154 MP: 17/17
 28457 | IceCv    | Entered an ice cave
 28857 | IceCv    | Noticed a golden dragon
 28868 | IceCv    | Killed a golden dragon
 28925 | IceCv    | Identified the ring of Peegemuh {Fly rC+ rN+ Will-}
 29614 | Shoals:4 | Identified the amulet "Meotugia" {rElec Will++ Regen+
                  | Int+4}
 29844 | Shoals:4 | HP: 11/232 [merfolk javelineer/silver javelin (4)]
 29976 | Shoals:4 | Got a barnacled rune of Zot
 30429 | Elf:1    | Got Sif Muna's Catalogue of Summoning
 30606 | Elf:1    | Found Gawkyiq's Weapon Emporium.
 30619 | Elf:1    | Found a portal to a secret trove of treasure.
 31164 | Elf:2    | Identified the +0 broad axe "Acsyamou" {flame, rF- rCorr
                  | Dex+4 Stlth+}
 31203 | Elf:2    | Found a runed translucent gate.
 31207 | Elf:2    | Found a runed translucent gate.
 31208 | Elf:2    | Found a runed translucent gate.
 31325 | Elf:2    | Reached skill level 15 in Dodging
 31411 | Elf:2    | Reached XP level 19. HP: 62/162 MP: 18/18
 31525 | Elf:2    | Reached skill level 19 in Fighting
 31606 | Elf:2    | Paralysed by an air elemental for 1 turns
 31608 | Elf:2    | Noticed Donald
 31612 | Elf:2    | Killed Donald
 32139 | Elf:3    | Entered Level 3 of the Elven Halls
 32210 | Elf:3    | Noticed a Tzitzimitl
 32823 | Elf:3    | Identified the ring of Ixtepnea {rElec Str+5 Int+4 Dex+6
                  | Slay-3}
 32988 | Elf:3    | Found the +3 sling "Punk" {acid, rCorr}
 33194 | Elf:3    | Acquired 1262 gold pieces
 33788 | Elf:3    | Got the Collected Works on Curses
 33888 | Elf:3    | Gained mutation: You occasionally shout uncontrollably at
                  | your foes. [potion of mutation]
 33888 | Elf:3    | Gained mutation: You have very sharp teeth. [potion of
                  | mutation]
 33889 | Elf:3    | Gained mutation: You are clumsy. (Dex -2) [potion of
                  | mutation]
 33889 | Elf:3    | Gained mutation: You have large cloven feet. [potion of
                  | mutation]
 34224 | D:10     | Entered Level 10 of the Dungeon
 34246 | D:10     | Found a blossoming altar of Fedhas.
 34246 | D:10     | Found an opulent altar of Gozag.
 34250 | D:10     | Found an iron altar of Okawaru.
 34474 | D:10     | Found Plog's Antique Weapon Emporium.
 34592 | D:10     | Found a sacrificial altar of Ru.
 35036 | D:11     | Found a runed translucent door.
 35038 | D:11     | Found a runed translucent door.
 35086 | D:11     | Found a runed translucent door.
 35930 | D:12     | Noticed Azrael
 35936 | D:12     | Killed Azrael
 36401 | D:12     | Found a basalt altar of Yredelemnul.
 36509 | D:13     | Identified the +0 kite shield of the Original Sin {Dex+4}
 36580 | D:13     | Found a gate to the Vaults.
 37203 | D:13     | Reached XP level 20. HP: 173/173 MP: 19/19
 37262 | Vaults:1 | Entered Level 1 of the Vaults
 37968 | Vaults:1 | Reached skill level 20 in Fighting
 38218 | Vaults:1 | Found a flickering gateway to a bazaar.
 38228 | Bazaar   | Entered a bazaar
 38237 | Bazaar   | Found Myofyid's Antique Weapon Emporium.
 38250 | Bazaar   | Found Nisi's Antique Weapon Shoppe.
 38256 | Bazaar   | Bought an ancient flail for 314 gold pieces
 38256 | Bazaar   | Identified the +4 flail "Aruusta" {flame, Int+7} (You
                  | bought it in a shop in a bazaar)
 38269 | Bazaar   | Found Wouxkih's Antique Armour Shoppe.
 38280 | Bazaar   | Found Besaid's Antique Armour Emporium.
 38303 | Bazaar   | Bought a heavily runed scale mail for 162 gold pieces
 38303 | Bazaar   | Identified the +2 scale mail of Wisdom {rC+} (You bought it
                  | in a shop in a bazaar)
 38483 | Vaults:1 | Identified the +11 morningstar of Joyful Slaughter {vorpal,
                  | *Corrode Will+ Str+6 Int+4}
 38504 | Vaults:1 | Identified the +0 leather armour of Ashenzari's Delight
                  | {Harm rElec Str+2 Dex+4}
 39788 | Vaults:3 | Noticed Margery
 39801 | Vaults:2 | Killed Margery
 39926 | Vaults:3 | Reached XP level 21. HP: 181/181 MP: 20/20
 40217 | Vaults:3 | Found a staircase to the Crypt.
 41416 | Vaults:4 | Reached skill level 21 in Fighting
 41854 | Vaults:5 | Entered Level 5 of the Vaults
 41874 | Vaults:5 | Killed from afar by a war gargoyle

Illustrated notes

Levels and vault maps discovered:
D:1:      amcnicky_arrival_underground_garden, layout_loops_ring, serial_shops,
          shop
D:2:      layout_loops_ring, basic_altar,
          shapermc_ecumenical_altar_mp_highgroup, serial_shops,
          nicolae_shop_temple_entry_statues_fountains,
          wander_ebering_terrifying_dragon_lair
D:3:      due_chaos_kobolds, layout_loops_ring, serial_shops,
          nicolae_shop_waterfront, uniq_robin, uniq_natasha
D:4:      layout_basic, uniq_edmund, uniq_sigmund
D:5:      layout_cave_pools, minmay_temple_entry_trees
D:6:      layout_cave_pools, gup_sewer_entry_spiral, uniq_blork_the_orc
D:7:      layout_basic, nicolae_hepliaklqana_ecumenical_no_more,
          kennysheep_diamond, chequers_avenue, uniq_menkaure
D:8:      layout_cave_pools, mainiacjoe_overflow_tiny_flanked,
          grunt_temple_overflow_open, serial_co_window_serial,
          co_window_paths_b, co_window_paths_b, co_window_corner_a,
          co_window_corner_a, co_window_cross_1, co_window_cross_1,
          co_window_paths_c, co_window_of_opportunity_b, co_window_broadway_a,
          co_window_of_opportunity_b, glass_columns_a, glass_columns_a,
          glass_columns_a, glass_columns_c, glass_columns_b,
          nicolae_shop_firing_range
D:9:      layout_roguey, lair_entry_dummy, erik_orc_4, palyth_stone_intersect,
          small_chamber_with_monster
D:10:     layout_rooms, chequers_temple_overflow_statue_of_worship,
          nicolae_ru_sacrificial_ziggurat, serial_shops, shop
D:11:     minmay_the_grid_triangle_9x9_rhombus_full
          [minmay_the_grid_triangle_9x9_empty,
          minmay_the_grid_triangle_9x9_semitri,
          minmay_the_grid_triangle_9x9_from_above,
          minmay_the_grid_triangle_9x9_alien,
          minmay_the_grid_triangle_9x9_tough_junction,
          minmay_the_grid_triangle_9x9_corrupted_corridor,
          minmay_the_grid_triangle_9x9_subtriangle,
          minmay_the_grid_triangle_9x9_prize_top_heavy], layout_stronghold
D:12:     layout_roguey, lemuel_zombie_altar_yredelemnul, uniq_azrael
D:13:     layout_long_grid, skrybe_vaults_entry_preservation
Temple:   dpeg_chambers_temple
Lair:1:   layout_small_grid
Lair:2:   layout_long_grid, elwin_shoals_entry_rooms, ebering_ghost_rock_garden
Lair:3:   layout_roguey, nicolae_spider_entry_non_spiders
Lair:4:   layout_hall_layers, serial_bayou_pond_d
Lair:5:   layout_roguey, dpeg_slime_entry_enclosed_altar,
          hangedman_lair_unloving_vines, serial_bayou_shore_a, lemuel_fruit_tree
Lair:6:   due_jungle_book, layout_misc_corridors, uniq_josephine
Shoals:1: layout_shoals, nicolae_shop_clearance, uniq_jorgrun
Shoals:2: layout_shoals, nicolae_shoals_beach_house_on_fowls_legs
Shoals:3: layout_shoals, nicolae_shoals_secluded_bog
Shoals:4: shoals_end_simple, layout_shoals, portal_ice_cave_entry_ugly_swarm
Spider:1: layout_spider_delve
Spider:2: layout_spider_delve, hangedman_spider_tarantella_strand, uniq_arachne
Spider:3: layout_spider_delve
Spider:4: grunt_spider_rune_island, uniq_aizul, uniq_nikola, uniq_mara
Orc:1:    layout_diamond_mine, enter_bailey_5, bh_open_orc_temple, uniq_maurice,
          uniq_sonja
Orc:2:    st_orc_ogre_mass, layout_diamond_mine
Elf:1:    eino_elf_arrival_altar, layout_onion_city, serial_shops, shop_statue,
          nicolae_trove_entry_isolated, minmay_elf_demonology
Elf:2:    elven_hall_of_blades_hangedman_original
          [nicolae_blade_entry_diamond_columns], layout_loops_corners,
          hangedman_elf_power_crystal, uniq_donald
Elf:3:    grunt_elf_hall_asides, layout_geoelf_diagonals
Vaults:1: st_greater_box_1, vaults_room_grid, nicolae_vaults_big_ls,
          v_pattern_3, grunt_vaults_twisty, nicolae_vaults_triangles,
          vaults_dpeg_doors, serial_ice_g, vaults_room_corners,
          nicolae_vaults_yaktaur_gun_rack, vaults_dpeg_ring,
          layout_vaults_omnibox, serial_shops, bzr_entry_lakeside
Vaults:2: grunt_vaults_hallway_long, vaults_dpeg_hooks, vaults_room_corners,
          nicolae_vaults_alarming, nicolae_vaults_little_squares_4,
          layout_vaults_omnigrid
Vaults:3: minmay_crypt_entry_simple_statues, hangedman_vaults_hard_town_square,
          hangedman_vaults_corner, hangedman_vaults_slice, v_pattern_1,
          vaults_mumra_chevron, ontoclasm_vaults_chip, vaults_mumra_hex,
          hangedman_vaults_stream, layout_vaults_omnicross, uniq_margery
Vaults:4: nicolae_vaults_display_case, hangedman_vaults_corner_blocks,
          vaults_mumra_minichess_inversion, nicolae_vaults_theta,
          vaults_room_door_hall, ontoclasm_vaults_loading_screen,
          nicolae_vaults_diagonal_hallway_6, ontoclasm_vaults_shuriken,
          vaults_room_corners, layout_vaults_big_room
Vaults:5

Skill      XL: |  1  2  3  4  5  6  7  8  9 10 11 12 13 14 15 16 17 18 19 20 21 |
---------------+----------------------------------------------------------------+-----
Shields        | 4 5 6 8 9 10 12 13 14 15 16 17 18 19 20 | 20.9
Armour         | 4 5 6 7 9 10 12 13 14 15 16 17 18 19 20 | 20.9
Fighting       | 4 5 6 7 9 10 12 13 14 15 16 17 18 19 20 21 | 21.0
Maces & Flails | 1 2 3 5 6 8 10 11 12 13 14 15 16 17 18 19 20 | 20.6
Dodging        | 4 7 9 10 13 15 16 18 | 18.4
Long Blades    | |  2.9

Action                   |  1- 3 |  4- 6 |  7- 9 | 10-12 | 13-15 | 16-18 | 19-21 || total
-------------------------+-------+-------+-------+-------+-------+-------+-------++-------
Melee: Long sword        |    94 |   132 |       |       |       |       |       ||   226
       Headbutt          |    11 |    32 |    42 |    81 |   271 |   345 |   313 ||  1095
       Flail             |       |    12 |   207 |       |       |       |       ||   219
       Eveningstar       |       |       |    90 |   260 |   757 |   955 |   869 ||  2931
       Staff             |       |       |       |     1 |       |       |       ||     1
       Mace              |       |       |       |       |       |    23 |       ||    23
       Bite              |       |       |       |       |       |       |   144 ||   144
Throw: Dart              |       |     7 |       |     2 |     4 |       |       ||    13
Invok: Ancestor Life: Ba |       |       |       |     1 |       |       |       ||     1
       Recall Ancestor   |       |       |       |     1 |       |       |       ||     1
Evoke: Condenser vane    |       |       |       |       |       |     1 |       ||     1
  Use: Potion            |       |     1 |     3 |     1 |     2 |     4 |     3 ||    14
       Scroll            |       |       |     6 |     4 |    12 |     6 |    13 ||    41
 Stab: Distracted        |       |       |       |     3 |    27 |    15 |    11 ||    56
       Held in net/web   |       |       |       |       |       |     1 |       ||     1
Armor: Storm dragon scal |    55 |    80 |   229 |   141 |       |       |       ||   505
       Ring mail         |       |       |       |     5 |   286 |   312 |   168 ||   771
Dodge: Dodged            |    21 |    25 |    88 |    98 |   433 |   649 |   468 ||  1782
Block: Kite shield       |    50 |    66 |   183 |    51 |   635 |   865 |   639 ||  2489
       Buckler           |       |       |       |    80 |       |       |       ||    80
       Rpst.: Long sword |     8 |     8 |       |       |       |       |       ||    16
